 Dungeon Crawl Stone Soup version 0.20.1-1-g8b1a95d (webtiles) character file.

787 letownia2 the Grave Robber (level 7, -3/55 HPs)
             Began as a Deep Dwarf Necromancer on Nov 1, 2017.
             Slain by a wight
             ... wielding a cursed +2 battleaxe
              (9 damage)
             ... on level 6 of the Dungeon.
             The game lasted 00:09:05 (3542 turns).

letownia2 the Grave Robber (Deep Dwarf Necromancer) Turns: 3542, Time: 00:09:06

Health: -3/55      AC:  6    Str: 12    XL:     7   Next: 56%
Magic:  13/13      EV: 10    Int: 17    God:
Gold:   162        SH:  0    Dex: 13    Spells: 10/14 levels left

rFire    . . .     SeeInvis .   u - +0 war axe
rCold    . . .     Gourm    .   (no shield)
rNeg     . . .     Faith    .   o - +0 ring mail (curse)
rPois    .         Spirit   .   j - +0 helmet
rElec    .         Reflect  .   (no cloak)
rCorr    .         Harm     .   (no gloves)
MR       +++..                  (no boots)
Stlth    +.........             A - amulet of magic regeneration
Regen    0.0/turn               f - ring of protection from magic
MPRegen  0.2/turn               r - ring of protection from magic

@: non-regenerating, hasted, heavily drained, very quick
A: damage resistance, heal wounds, sense surroundings 1, no regeneration
a: Heal Wounds


You were on level 6 of the Dungeon.
You were not hungry.

You visited 1 branch of the dungeon, and saw 6 of its levels.

You collected 162 gold pieces.

Inventory:

Hand Weapons
 d - a +0 short sword
 u - a +0 war axe (weapon)
Armour
 j - a +0 helmet (worn)
 o - a cursed +0 ring mail (worn)
 p - a +0 scale mail
Jewellery
 f - a ring of protection from magic (left hand)
 r - a ring of protection from magic (right hand)
 A - an amulet of magic regeneration (around neck)
Scrolls
 a - 2 scrolls of identify {unknown}
 e - 4 scrolls of recharging {unknown}
 h - 4 scrolls of remove curse {unknown}
 k - 2 scrolls of blinking {unknown}
 l - 2 scrolls of teleportation {unknown}
 y - a scroll of amnesia {unknown}
Potions
 g - a potion of might {unknown}
 m - a potion of haste
 n - a potion of brilliance {unknown}
 q - 2 potions of invisibility {unknown}
 s - a potion of lignification {unknown}
 t - a potion of curing {unknown}
 v - a potion of agility {unknown}
 w - a potion of cancellation {unknown}
Books
 b - a book of Necromancy

   Spells                             Type                      Level
   a - Pain                           Necromancy                   1
   b - Animate Skeleton               Necromancy                   1
   c - Vampiric Draining              Necromancy                   3
   d - Regeneration                   Charms/Necromancy            3
   e - Animate Dead                   Necromancy                   4
   f - Control Undead                 Necromancy                   4
Comestibles
 c - 3 bread rations
 i - 2 royal jellies
 x - 4 chunks of flesh
 z - a meat ration


   Skills:
 - Level 3.6(2.2) Armour
 - Level 2.1(0.9) Dodging
 - Level 2.4(1.1) Stealth
 + Level 4.4(3.0) Spellcasting
 + Level 7.9(6.3) Necromancy


You had 10 spell levels left.
You knew the following spells:

 Your Spells              Type           Power        Failure   Level  Hunger
a - Pain                  Necr           ###.         2%          1    None
v - Vampiric Draining     Necr           ###.......   9%          3    ###....


Dungeon Overview and Level Annotations

Branches:
Dungeon (6/15)
 Temple: D:4-7

Altars:
Trog

Shops:
D:4 =%

Annotations:
D:2 Terence
D:4 1 exclusion, Timinator's ghost, amateur DrTm


Innate Abilities, Weirdness & Mutations

You are resistant to damage.
You can heal yourself by infusing magical energy.
You passively map a small area around you.
You do not regenerate.


Message History

The wight hits you with an enchanted battleaxe!
You feel drained.
You hit the wight.
The wight is almost destroyed.
The wight hits you with an enchanted battleaxe!
* * * LOW HITPOINT WARNING * * *
You feel drained.
* * * LOW HITPOINT WARNING * * *
Your ring mail prevents you from hitting the wight.
The wight is almost destroyed.
The wight hits you with an enchanted battleaxe!
* * * LOW HITPOINT WARNING * * *
You feel drained.
You hit the wight but do no damage.
The wight is almost destroyed.
Unknown command.
You barely miss the wight.
The wight is almost destroyed.
The wight hits you with an enchanted battleaxe!
You die...

*, , * .# .# .# * .#
####### * .# #..zz@#
.# ##.#####
.##########...#####
≈
.....%.....z...$..#≈
###########...#####
≈ ≈≈ * ##.## , #.# *
# ,, ..# * ≈ ** ####
≈≈ ≈


You could see 2 wights.

Vanquished Creatures
  2 ogres
  A bullfrog (D:6)
  A scorpion (D:5)
  A howler monkey (D:5)
  3 orc priests
  A bullfrog skeleton (D:5)
  4 orc wizards
  Jessica (D:2)
  5 worker ants (D:5)
  A worker ant zombie (D:5)
  An adder (D:4)
  A howler monkey skeleton (D:4)
  A shadow imp (D:5)
  An adder skeleton (D:4)
  10 orcs
  A bat zombie (D:4)
  2 giant cockroaches (D:2)
  4 goblins
  3 hobgoblins (D:3)
  11 jackals
  A quokka (D:4)
  A ball python (D:4)
  A bat (D:1)
  4 frilled lizards
  2 kobolds
  A quokka skeleton (D:5)
  2 rats (D:3)
67 creatures vanquished.

Notes
Turn   | Place    | Note
-------+----------+-------------------------------------------
     0 | D:1      | letownia2 the Deep Dwarf Necromancer began the quest for the Orb.
     0 | D:1      | Reached XP level 1. HP: 15/15 MP: 3/3
   300 | D:2      | Noticed Terence
   482 | D:4      | Reached XP level 2. HP: 17/22 MP: 5/5
   634 | D:4      | Noticed an ogre
   656 | D:4      | Noticed Timinator's ghost (amateur DrTm)
   734 | D:3      | Reached skill level 5 in Necromancy
   752 | D:3      | Reached XP level 3. HP: 22/28 MP: 1/6
   775 | D:3      | Learned a level 3 spell: Vampiric Draining
   836 | D:3      | Found a bloodstained altar of Trog.
   909 | D:4      | Found Sauhyir's Jewellery Shoppe.
  1198 | D:3      | Noticed Jessica
  1214 | D:3      | Reached XP level 4. HP: 23/36 MP: 0/7
  1453 | D:2      | Killed Jessica
  1453 | D:2      | Reached skill level 6 in Necromancy
  1583 | D:3      | Reached XP level 5. HP: 22/42 MP: 0/8
  1672 | D:4      | Killed an ogre
  1672 | D:4      | Reached skill level 7 in Necromancy
  1893 | D:4      | Reached XP level 6. HP: 45/49 MP: 4/10
  1982 | D:4      | Found Ceygif's Food Emporium.
  2383 | D:5      | Entered Level 5 of the Dungeon
  2390 | D:5      | Reached skill level 1 in Armour
  2744 | D:5      | Reached XP level 7. HP: 49/55 MP: 5/12
  3542 | D:6      | Slain by a wight

Skill      XL: |  1  2  3  4  5  6  7 |
---------------+----------------------+-----
Spellcasting   | 2 3 4 |  4.4
Necromancy     | 5 6 7 |  7.9
Armour         | 3 |  3.6
Dodging        | |  2.1
Stealth        | |  2.4

Action                   |  1- 3 |  4- 6 |  7- 9 || total
-------------------------+-------+-------+-------++-------
Melee: Short sword       |    20 |    35 |    37 ||    92
       War axe           |       |       |     6 ||     6
 Cast: Pain              |    34 |    38 |    26 ||    98
       Vampiric Draining |     1 |    20 |     9 ||    30
  Use: Potion            |       |       |     1 ||     1
  Eat: Chunk             |     1 |     7 |     4 ||    12
Armor: Robe              |     5 |     1 |       ||     6
       Leather armour    |       |    11 |       ||    11
       Ring mail         |       |    12 |    18 ||    30
Dodge: Dodged            |    18 |    37 |    35 ||    90
